 Dungeon Crawl Stone Soup version 0.28-a0-245-g639a1a48b9 (webtiles) character file.

Game seed: 7357753688924443728

79 robertstho the Magician (level 4, -12/32 HPs)
             Began as a Djinni Fire Elementalist on Aug 24, 2021.
             Killed by divine providence
             ... invoked by an orc priest
              (15 damage)
             ... on level 3 of the Dungeon.
             The game lasted 00:04:06 (3138 turns).

robertstho the Magician (Djinni Fire Elementalist)  Turns: 3138, Time: 00:04:07

Health: -12/32     AC:  6    Str:  7    XL:     4   Next: 62%
Gold:   89         EV: 12    Int: 17    God:
                   SH:  0    Dex: 14

rFire   + + .      SeeInvis .   b - +0 dagger
rCold   x . .      Faith    .   (no shield)
rNeg    . . .      Spirit   .   a - +0 robe
rPois   ∞          Reflect  .   (no helmet)
rElec   .          Harm     .   (no cloak)
rCorr   .          Rampage  .   (no gloves)
Will    .....                   (boots unavailable)
Stlth   ++........              (no amulet)
HPRegen 0.10/turn               f - +4 ring of protection
MPRegen 0.00/turn               (no ring)

@: about to teleport, flying, very slightly contaminated
A: sickness immunity, fire resistance 2, cold vulnerability 1, float, innate
caster, hp casting, extra vitality 1
a: no special abilities


You were on level 3 of the Dungeon.
You visited 1 branch of the dungeon, and saw 3 of its levels.

You collected 89 gold pieces.

Inventory:

Hand Weapons
 b - a +0 dagger (weapon)
Armour
 a - a +0 robe (worn)
Jewellery
 f - a +4 ring of protection (left hand)
Scrolls
 c - a scroll of fear {unknown}
 d - a scroll of noise {unknown}
 g - a scroll of silence {unknown}
 i - a scroll of identify {unknown}
 j - a scroll of teleportation
 k - a scroll of amnesia {unknown}
 l - a scroll of holy word {unknown}
Potions
 h - a potion of brilliance {unknown}


   Skills:
 * Level 1.1 Fighting
 + Level 2.5 Dodging
 + Level 1.6 Stealth
 * Level 3.6 Spellcasting


You couldn't memorise any spells.
You knew the following spells:

 Your Spells              Type           Power      Damage    Failure   Level
a - Foxfire               Conj/Fire      60%        2x1d7     3%          1
b - Conjure Flame         Conj/Fire      15%        6-21      11%         3
c - Inner Flame           Hex/Fire       15%        N/A       11%         3
d - Sticky Flame          Conj/Fire      15%        2d4       36%         4
e - Fireball              Conj/Fire      7%         3d5       71%         5
f - Magic Dart            Conj           60%        1d6       3%          1
Your spell library was empty.

Dungeon Overview and Level Annotations

Branches:
Dungeon (3/15)

Altars:

Annotations:
D:3 Grinder


Innate Abilities, Weirdness & Mutations

You are immune to sickness and miasma.
You are immune to poison.
Your flesh is very heat resistant. (rF++)
You are vulnerable to cold. (rC-)
You float through the air rather than walking.
You learn spells naturally, not from books.
Your magical power is your life essence.
You have superior vitality. (+4 HP)


Message History

Casting: Foxfire (safe; 3% risk of failure)
Press: ? - help, Q - select action, (/) - cycle Dir - look around, f - activate You conjure some foxfire!
The foxfire hits the orc priest but does no damage.
The orc priest is severely wounded.
Unknown command.
Casting: Foxfire (safe; 3% risk of failure)
Press: ? - help, Q - select action, (/) - cycle Dir - look around, f - activate You conjure some foxfire!
The foxfire hits the orc priest but does no damage.
The orc priest is severely wounded.
Grinder blinks!
The foxfire hits the orc priest.
The orc priest is severely wounded.
The orc priest hits you with a +0 mace.
Grinder says, "There's only one good use for a tongue: cutting it out."
Unknown command.
Casting: Foxfire (safe; 3% risk of failure)
Confirm with . or Enter, or press ? or * to list all spells.
The spell is extremely dangerous to cast (36% risk of failure)!
Continue anyway?
Aiming: Sticky Flame (extremely dangerous; 36% risk of failure)
Press: ? - help, Shift-Dir - straight line, f - orc priest
Aim: an orc priest, wielding a +0 mace and wearing a +0 ring mail (severely wounded, 100% to hit)
You miscast Sticky Flame.
You are very lightly contaminated with residual magic.
There is a sudden and violent explosion of flames.
You resist.
A bat comes into view.
The orc priest hits you with a +0 mace.
The bat moves out of view.
As you read the scroll labelled PAXTON COYDI, it crumbles to dust.
You feel strangely unstable.
It was a scroll of teleportation.
The orc priest calls down the wrath of Beogh upon you.
Beogh smites you!
* * * LOW HITPOINT WARNING * * *
The rat bites you but does no damage.
It was a potion of flight.
You feel more buoyant.
The orc priest calls down the wrath of Beogh upon you.
Beogh smites you!
You die...

###.#### #...#
#.######.###
#......#.##
######....#####
#......#...(..
####.###########.
###....# #o@.####
#..5r### #..###
#<) ... ..## .##


You could see Grinder, an orc priest and a rat.

Vanquished Creatures
  3 adders
  3 worms (D:2)
  5 ball pythons
  7 endoplasms
  4 giant cockroaches
  3 hobgoblins
  3 quokkas (D:2)
  2 frilled lizards (D:2)
  4 goblins
  5 kobolds
  4 rats
43 creatures vanquished.

Vanquished Creatures (others)
  183 foxfires
183 creatures vanquished.

Grand Total: 226 creatures vanquished

Notes
Turn   | Place    | Note
-------+----------+-------------------------------------------
     0 | D:1      | robertstho the Djinni Fire Elementalist began the quest for
                  | the Orb.
     0 | D:1      | Reached XP level 1. HP: 15/15 MP: 0/0
   354 | D:1      | Reached XP level 2. HP: 8/22 MP: 0/0
   789 | D:1      | Found a faded altar of an unknown god.
  1106 | D:2      | Reached skill level 3 in Spellcasting
  1106 | D:2      | Reached XP level 3. HP: 20/26 MP: 0/0
  1106 | D:2      | Learned a level 1 spell: Magic Dart
  1447 | D:2      | Reached skill level 1 in Fighting
  2339 | D:2      | Reached XP level 4. HP: 25/32 MP: 0/0
  3130 | D:3      | Noticed Grinder
  3138 | D:3      | Killed from afar by an orc priest

Illustrated notes

Levels and vault maps discovered:
D:1:      minmay_arrival_five_plusses, layout_rooms,
          hellmonk_ecumenical_altar_run_dry
D:2:      kb_forest_paths, layout_basic
D:3:      layout_rooms, uniq_natasha, uniq_grinder

Skill      XL: |  1  2  3 |
---------------+----------+-----
Spellcasting   | 3 |  3.6
Fighting       | 1 |  1.1
Dodging        | |  2.5
Stealth        | |  1.6

Action                   |  1- 3 |  4- 6 || total
-------------------------+-------+-------++-------
Melee: Dagger            |    16 |       ||    16
 Cast: Foxfire           |    92 |    23 ||   115
  Use: Scroll            |       |     1 ||     1
       Potion            |       |     1 ||     1
Armor: Robe              |     5 |     5 ||    10
Dodge: Dodged            |    15 |     7 ||    22

Table legend: (Time is in decaauts)
 A = Elapsed time spent in this place.
 B = Non-inter-level travel time spent in this place.
 C = Inter-level travel time spent in this place.
 D = Time resting spent in this place.
 E = Time spent auto-exploring this place.
 F = Levels seen in this place.
 G = Mean time per level.
                   A        B        C        D        E       F      G
               +--------+--------+--------+--------+--------+-----+--------+
         Total |   3136 |   3082 |     54 |    121 |   2664 |   3 | 1045.3 |
       Dungeon |   3136 |   3082 |     54 |    121 |   2664 |   3 | 1045.3 |
               +--------+--------+--------+--------+--------+-----+--------+

Top non-repeatable levels by time:
     D:2: 1893 daAuts
     D:1: 1099 daAuts
     D:3: 143 daAuts
